 Dungeon Crawl Stone Soup version 0.30-a0-755-g0b50240ab4 (webtiles) character file.

Game seed: 7514332682931085536

728 Rrauwl the Shooter (level 8, -7/58 HPs)
             Began as a Formicid Hunter on Feb 9, 2023.
             Mangled by an ogre
             ... wielding a +0 giant club
              (18 damage)
             ... on level 4 of the Dungeon.
             The game lasted 00:11:53 (3685 turns).

Rrauwl the Shooter (Formicid Hunter)                Turns: 3685, Time: 00:11:54

Health: -7/58      AC:  8    Str: 19 (20) XL:     8   Next: 3%
Magic:  8/8        EV: 12    Int:  7 (10) God:
Gold:   363        SH:  7    Dex: 16 (17) Spells: 7/7 levels left

rFire   . . .      SeeInvis +    u - +0 halberd (venom)
rCold   . . .      Faith    .    r - +1 buckler
rNeg    . . .      Spirit   .    o - +1 leather armour of Nuc Pasoe {rPois Str+3}
rPois   +          Reflect  .    (helmet unavailable)
rElec   .          Harm     .    (no cloak)
rCorr   .          Rampage  .    (no gloves)
Will    .....                    (no boots)
Stlth   ++                       n - amulet of regeneration
HPRegen 1.09/turn                k - ring of wizardry
MPRegen 0.11/turn                q - +4 ring of protection

@: mighty
A: permanent stasis, dig shafts and tunnels, antennae 3, four strong arms, claws
1, hooves 1
a: Dig, Shaft Self


You were on level 4 of the Dungeon.
You visited 1 branch of the dungeon, and saw 4 of its levels.
You also visited: Ossuary.

You collected 363 gold pieces.

Inventory:

Hand Weapons
 a - a +2 spear of venom
 b - a +1 shortbow
 u - a +0 halberd of venom (weapon)
Missiles
 p - a throwing net
Armour
 o - the +1 leather armour of Nuc Pasoe (worn) {rPois Str+3}
   (You found it on level 3 of the Dungeon)

   Str:       It affects your strength (+3).
   rPois:     It protects you from poison.
 r - a +1 buckler (worn)
Jewellery
 k - a ring of wizardry (left claw)
 n - an amulet of regeneration (around neck)
 q - a +4 ring of protection (right claw)
Wands
 l - a wand of flame (25)
Scrolls
 s - 3 scrolls of immolation
 t - a scroll of vulnerability
 v - a scroll of enchant armour
Potions
 d - a potion of lignification
 e - 2 potions of curing
 f - a potion of ambrosia
 h - a potion of magic
 j - 4 potions of degeneration
 m - 4 potions of brilliance
 x - a potion of berserk rage {unknown}
 z - a potion of haste {unknown}


   Skills:
 - Level 3.0 Fighting
 + Level 7.5 Ranged Weapons
 - Level 2.0 Dodging
 - Level 2.0 Stealth
 - Level 6.0 Shields


You had 7 spell levels left.
You didn't know any spells.
Your spell library contained the following spells:

 Spells                   Type           Power      Damage    Failure   Level
 Inner Flame              Hex/Fire       0%         N/A       58%         3
 Summon Guardian Golem    Hex/Summ       0%         N/A       58%         3
 Cause Fear               Hex            0%         N/A       92%         4
 Orb of Destruction       Conj           0%         9d5       100%        7
 Spellforged Servitor     Conj/Summ      0%         N/A       100%        7
 Discord                  Hex            0%         N/A       100%        8


Dungeon Overview and Level Annotations

Branches:
Dungeon (4/15)            Ossuary (visited)
 Temple: D:4-7

Altars:
Cheibriados
Gozag
Hepliaklqana
Nemelex Xobeh
The Shining One

Annotations:
D:4 1 transporter, Jano's ghost, amateur DsFi


Innate Abilities, Weirdness & Mutations

You cannot be hasted, slowed, berserked, paralysed or teleported.
You can dig through walls and to a lower floor.
You have a pair of large antennae on your head. (SInv)
Your four strong arms can wield two-handed weapons with a shield.
You have sharp fingernails.
You have large cloven feet.


Message History

* * * LOW HITPOINT WARNING * * *
You closely miss Jano's ghost.
Jano's ghost is lightly damaged.
You block Jano's ghost's attack.
You barely miss Jano's ghost. You kick Jano's ghost.
Jano's ghost is lightly damaged.
Jano's ghost hits you but does no damage.
You block Jano's ghost's attack.
You closely miss Jano's ghost.
Jano's ghost is lightly damaged.
Jano's ghost barely misses you.
You slash Jano's ghost!
You kick Jano's ghost, but do no damage.
Jano's ghost is moderately damaged.
Jano's ghost hits you but does no damage.
Jano's ghost barely misses you.
You hit Jano's ghost.
Jano's ghost is heavily damaged.
Jano's ghost hits you but does no damage.
You closely miss Jano's ghost. Your kick misses Jano's ghost.
Jano's ghost is heavily damaged.
Jano's ghost hits you!
* * * LOW HITPOINT WARNING * * *
Jano's ghost hits you.
* * * LOW HITPOINT WARNING * * *
You feel better. Jano's ghost barely misses you.
You hit Jano's ghost but do no damage.
Jano's ghost is heavily damaged.
Jano's ghost stares at you. You block Jano's ghost's attack. x2
You slash Jano's ghost!
You kick Jano's ghost, but do no damage.
Jano's ghost is almost destroyed.
Jano's ghost hits you but does no damage.
The ogre hits you with a +0 giant club!
* * * LOW HITPOINT WARNING * * *
You closely miss the ogre. Jano's ghost hits you.
* * * LOW HITPOINT WARNING * * *
The ogre hits you with a +0 giant club!!
You die...

####.O...©#).# ###.# #.#
#..#..##..#..# #...# #.#
#.##.#..#)#..# #.### #.#
#.##O#..#.#..# #.# #.#
#.##..##.$#©.## #.# #.#
#.##©..../#...# #.# #.#
#.##..##.O#©..####.#####.#
#.##.#..#W#....<.........#
#.##.#..#@#..#####.#######
#..#..##O.#..# #.#
##.#......#..# #.#
#>########..#####.#######
#.##.# ####.............
#.##.# #.####.#######
#.##.# #.# #.#
#.##.#######.# #.#
#.##.........# #.#


You could see 2 ogres and Jano's ghost.

Vanquished Creatures
  A black bear (D:4)
  An ogre (D:4)
  3 elf zombies (Ossuary)
  A jelly (D:4)
  Natasha (thrice) (D:3)
  5 mummies
  5 gnolls (D:4)
  6 adders
  An adder zombie (Ossuary)
  3 worms
  2 orcs
  5 ball pythons
  4 endoplasms
  4 giant cockroaches
  2 gnoll zombies (Ossuary)
  7 goblins
  4 hobgoblins
  3 quokkas
  7 bats
  3 frilled lizards
  3 goblin zombies
  2 hobgoblin zombies (Ossuary)
  10 kobolds
  2 kobold zombies
  An orc zombie (Ossuary)
  4 rats
92 creatures vanquished.

Notes
Turn   | Place    | Note
-------+----------+-------------------------------------------
     0 | D:1      | Rrauwl the Formicid Hunter began the quest for the Orb.
     0 | D:1      | Reached XP level 1. HP: 16/16 MP: 1/1
   119 | D:1      | Reached XP level 2. HP: 23/23 MP: 2/2
   759 | D:2      | Reached XP level 3. HP: 28/28 MP: 3/3
   823 | D:2      | Found a faded altar of an unknown god.
  1123 | D:2      | Reached XP level 4. HP: 35/35 MP: 4/4
  1520 | D:3      | Reached skill level 5 in Ranged Weapons
  1521 | D:3      | Identified the +1 leather armour of Nuc Pasoe {rPois Str+3}
  1937 | D:3      | Noticed Natasha
  1939 | D:3      | Killed Natasha
  1940 | D:3      | Reached skill level 1 in Shields
  1940 | D:3      | Reached XP level 5. HP: 40/41 MP: 5/5
  2225 | D:3      | Noticed Natasha
  2232 | D:3      | Killed Natasha
  2323 | D:3      | Noticed Natasha
  2328 | D:3      | Killed Natasha
  2438 | D:4      | Found a sand-covered staircase.
  2445 | D:4      | Reached XP level 6. HP: 47/47 MP: 6/6
  2479 | Ossuary  | Entered an ossuary
  2547 | Ossuary  | Reached skill level 6 in Ranged Weapons
  2570 | Ossuary  | Reached XP level 7. HP: 52/52 MP: 7/7
  2650 | Ossuary  | Reached skill level 5 in Shields
  2792 | D:4      | Found a transporter.
  2796 | D:4      | Found a transporter.
  2797 | D:4      | Noticed Jano's ghost (amateur DsFi)
  3004 | D:4      | Reached skill level 7 in Ranged Weapons
  3414 | D:4      | Found an opulent altar of Gozag.
  3418 | D:4      | Found a glowing golden altar of the Shining One.
  3421 | D:4      | Found a snail-covered altar of Cheibriados.
  3421 | D:4      | Found a sparkling altar of Nemelex Xobeh.
  3428 | D:4      | Found a hazy altar of Hepliaklqana.
  3583 | D:4      | Gained mutation: You have large cloven feet. [potion of
                  | mutation]
  3583 | D:4      | Gained mutation: You have sharp fingernails. [potion of
                  | mutation]
  3661 | D:4      | Reached XP level 8. HP: 12/58 MP: 8/8
  3661 | D:4      | HP: 2/58 [ogre/+0 giant club (12)]
  3685 | D:4      | Mangled by an ogre

Illustrated notes

Levels and vault maps discovered:
D:1:      saegor_arrival_simple_c, layout_loops_ring, minivault_26,
          chequers_mini_garden
D:2:      layout_loops_corners, ebering_ecumenical_altar_petrified,
          glass_columns_b, minmay_pentomino_pile
D:3:      layout_loops_ring, uniq_natasha
D:4:      layout_loops_ring, nicolae_overflow_hallway_of_the_gods,
          gammafunk_ghost_smash, nicolae_ossuary_entry_giza, sigmund_army

Skill      XL: |  1  2  3  4  5  6  7 |
---------------+----------------------+-----
Dodging        | 2 |  2.0
Stealth        | 2 |  2.0
Fighting       | 3 |  3.0
Ranged Weapons | 5 6 7 |  7.5
Shields        | 1 2 4 6 |  6.0

Action                     |  1- 3 |  4- 6 |  7- 9 || total
---------------------------+-------+-------+-------++-------
  Melee: Halberd           |       |       |    10 ||    10
         Kick              |       |       |     3 ||     3
   Fire: Shortbow          |    92 |   155 |    93 ||   340
    Use: Scroll            |     4 |       |     5 ||     9
         Potion            |       |       |    14 ||    14
 Armour: Leather armour    |    14 |    29 |    25 ||    68
  Dodge: Dodged            |    19 |    45 |    32 ||    96
  Block: Buckler           |       |    20 |    27 ||    47

Table legend: (Time is in decaauts)
 A = Elapsed time spent in this place.
 B = Non-inter-level travel time spent in this place.
 C = Inter-level travel time spent in this place.
 D = Time resting spent in this place.
 E = Time spent auto-exploring this place.
 F = Levels seen in this place.
 G = Mean time per level.
                   A        B        C        D        E       F      G
               +--------+--------+--------+--------+--------+-----+--------+
         Total |   3777 |   3659 |    118 |     45 |   2786 |   5 |  755.4 |
       Dungeon |   3499 |   3381 |    118 |     45 |   2671 |   4 |  874.8 |
       Ossuary |    277 |    277 |      0 |      0 |    115 |   1 |  277.0 |
               +--------+--------+--------+--------+--------+-----+--------+

Top non-repeatable levels by time:
     D:4: 1059 daAuts
     D:3: 893 daAuts
     D:2: 867 daAuts
     D:1: 678 daAuts
 Ossuary: 277 daAuts
